 Dungeon Crawl Stone Soup version 0.21-b1-23-g1fb0a74 (console) character file.

882 vegansnacktivist the Cleaver (level 7, -10/62 HPs)
             Began as a Deep Dwarf Fighter on Jan 5, 2018.
             Was a Follower of Makhleb.
             Killed by divine providence
             ... invoked by an orc priest
              (14 damage)
             ... on level 6 of the Dungeon.
             The game lasted 00:16:02 (3982 turns).

vegansnacktivist the Cleaver (Deep Dwarf Fighter)   Turns: 3982, Time: 00:16:03

Health: -10/62     AC:  6    Str: 21    XL:     7   Next: 76%
Magic:  1/1        EV:  7    Int:  9    God:    Makhleb [*.....]
Gold:   182        SH:  9    Dex: 12    Spells: 6/6 levels left

rFire    . . .     SeeInvis .   o - +2 hand axe (flame)
rCold    . . .     Gourm    .   c - +0 shield
rNeg     . . .     Faith    .   b - +0 scale mail
rPois    .         Spirit   .   (no helmet)
rElec    .         Reflect  .   (no cloak)
rCorr    .         Harm     .   (no gloves)
MR       +....                  (no boots)
Stlth    ..........             (no amulet)
HPRegen  0.00/turn              (no ring)
MPRegen  0.07/turn              (no ring)

@: non-regenerating
A: damage resistance, heal wounds, sense surroundings 1, no regeneration
a: Heal Wounds, Renounce Religion


You were on level 6 of the Dungeon.
You worshipped Makhleb.
Makhleb was aware of your devotion.
You were not hungry.

You visited 2 branches of the dungeon, and saw 7 of its levels.

You collected 182 gold pieces.

Inventory:

Hand Weapons
 a - a +0 war axe
 o - a +2 hand axe of flaming (weapon)
 q - a +0 blowgun
Missiles
 m - 10 tomahawks (quivered)
 r - 3 poisoned needles
Armour
 b - a +0 scale mail (worn)
 c - a +0 shield (worn)
Magical Staves
 y - an uncursed staff of wizardry {unknown}
Jewellery
 e - a +3 amulet of reflection {unknown}
 n - an uncursed amulet of harm
Wands
 d - a wand of digging (11)
Scrolls
 h - a scroll of amnesia {unknown}
 j - a scroll of enchant weapon {unknown}
 l - 3 scrolls of identify
 t - a scroll of fog
 v - a scroll of blinking {unknown}
 w - a scroll of immolation {unknown}
Potions
 g - 7 potions of curing
 i - 2 potions of cancellation
 p - a potion of magic
 s - a potion of haste {unknown}
 u - a potion of mutation {unknown}
 x - a potion of agility {unknown}
Comestibles
 f - 10 rations
 z - 3 chunks of flesh


   Skills:
 - Level 3.0 Fighting
 + Level 9.5 Axes
 - Level 3.5 Armour
 - Level 3.8 Shields


You had 6 spell levels left.
You didn't know any spells.

Dungeon Overview and Level Annotations

Branches:
Dungeon (6/15)             Temple (1/1) D:4

Altars:
Ashenzari
Cheibriados
Dithmenos
Elyvilon
Fedhas
Gozag
Hepliaklqana
Kikubaaqudgha
Makhleb
Nemelex Xobeh
Okawaru
Qazlal
Ru
Sif Muna
Trog
Vehumet
Wu Jian
Xom
Yredelemnul
Zin
The Shining One

Shops:
D:6 }

Annotations:
D:3 1 runed door
D:6 Dowan, Duvessa


Innate Abilities, Weirdness & Mutations

You are resistant to damage.
You can heal yourself by infusing magical energy.
You passively map a small area around you.
You do not regenerate.


Message History

You hit the orc priest but do no damage.
You hear an angry hiss.
The troll bites you.
* * * LOW HITPOINT WARNING * * *
The troll claws you!
* * * LOW HITPOINT WARNING * * *
The troll claws you but does no damage.
The hound pauses to sniff the ground.
The orc priest hits you with a trident.
* * * LOW HITPOINT WARNING * * *
A ball python and a quokka come into view.
You hit the troll but do no damage.
The troll is almost dead.
You hit the orc priest but do no damage.
The troll barely misses you. The troll claws you!
* * * LOW HITPOINT WARNING * * *
You block the troll's attack.
The orc priest invokes the aid of Beogh against you.
Beogh smites you!
You die...

*
,...#############
, ,
..((((.<5.....>#
....###########.#
.Soe###### #.#
..Foooo@.# ###.#
..o{o###T#
#...### ... ,
#5####5....# r
#h##.....h.# ,
#...5.#+#..# , *
* ####..+∩'..# *
#..#'#..# * *
#.......# ,
######...h.##


You could see a troll, Dowan, a bullfrog, a hound, 3 orc priests, a shadow imp,
4 orcs, a quokka and a ball python.

Vanquished Creatures
  Sigmund (D:6)
  3 slaves
  Blork the orc (D:4)
  2 crimson imps
  A bullfrog zombie (D:5)
  3 orc priests
  A hound (D:5)
  5 orc wizards
  A bullfrog skeleton (D:4)
  An iguana (D:5)
  Terence (D:2)
  4 worker ants (D:4)
  5 adders
  5 oozes
  A worm (D:5)
  2 dart slugs
  5 leopard geckos
  18 orcs
  2 ball pythons (D:4)
  5 giant cockroaches
  6 hobgoblins
  4 jackals (D:2)
  3 quokkas
  5 bats
  2 frilled lizards
  4 goblins
  3 kobolds
  3 rats
97 creatures vanquished.

Notes
Turn   | Place    | Note
-------+----------+-------------------------------------------
     0 | D:1      | vegansnacktivist the Deep Dwarf Fighter began the quest for the Orb.
     0 | D:1      | Reached XP level 1. HP: 20/20 MP: 1/1
   152 | D:1      | Reached XP level 2. HP: 25/27 MP: 2/2
   945 | D:2      | Noticed Terence
   948 | D:2      | Reached XP level 3. HP: 25/34 MP: 3/3
   955 | D:2      | Killed Terence
   955 | D:2      | Reached skill level 3 in Axes
  1010 | D:2      | Reached XP level 4. HP: 29/42 MP: 4/4
  1144 | D:2      | Reached skill level 4 in Axes
  1361 | D:3      | Found a white marble altar of Elyvilon.
  1361 | D:3      | Noticed an angel
  1362 | D:3      | Found a runed door.
  2026 | D:4      | Reached skill level 5 in Axes
  2026 | D:4      | Reached XP level 5. HP: 22/49 MP: 5/5
  2279 | D:4      | Noticed a slave
  2280 | D:4      | Noticed a slave
  2281 | D:4      | Noticed a slave
  2304 | D:4      | Noticed Blork the orc
  2311 | D:3      | Killed a slave
  2322 | D:4      | Killed a slave
  2324 | D:4      | Killed a slave
  2325 | D:4      | Killed Blork the orc
  2325 | D:4      | Reached skill level 6 in Axes
  2325 | D:4      | Reached XP level 6. HP: 30/56 MP: 5/5
  2601 | D:4      | Found a staircase to the Ecumenical Temple.
  2692 | D:4      | Found a sacrificial altar of Ru.
  2790 | Temple   | Entered the Ecumenical Temple
  2854 | Temple   | Became a worshipper of Makhleb the Destroyer
  3018 | D:4      | Reached skill level 7 in Axes
  3239 | D:5      | Entered Level 5 of the Dungeon
  3313 | D:4      | Reached XP level 7. HP: 22/62 MP: 5/5
  3314 | D:4      | Reached skill level 8 in Axes
  3718 | D:5      | Reached * piety under Makhleb
  3852 | D:6      | Noticed Sigmund
  3884 | D:6      | Killed Sigmund
  3884 | D:6      | Reached skill level 9 in Axes
  3900 | D:6      | Found Sosch's Gadget Shop.
  3923 | D:6      | Noticed a troll
  3949 | D:6      | Noticed Duvessa
  3956 | D:6      | Noticed Dowan
  3982 | D:6      | Killed from afar by an orc priest

Skill      XL: |  1  2  3  4  5  6  7 |
---------------+----------------------+-----
Fighting       | 3 |  3.0
Axes           | 3 5 6 7 9 |  9.5
Armour         | |  3.5
Shields        | |  3.8

Action                   |  1- 3 |  4- 6 |  7- 9 || total
-------------------------+-------+-------+-------++-------
Melee: War axe           |    63 |   168 |       ||   231
       Hand axe          |       |    20 |   111 ||   131
 Fire: Blowgun           |       |       |     5 ||     5
Throw: Tomahawk          |     3 |     4 |     7 ||    14
 Abil: Heal Wounds       |       |     4 |    11 ||    15
  Use: Scroll            |       |     8 |     1 ||     9
       Potion            |       |     2 |       ||     2
 Stab: Paralysed         |       |     1 |       ||     1
  Eat: Chunk             |       |     5 |     2 ||     7
       Ration            |       |     1 |       ||     1
Armor: Scale mail        |    26 |    77 |    46 ||   149
Dodge: Dodged            |    19 |    59 |    34 ||   112
Block: Shield            |    39 |   100 |    69 ||   208
